 Dungeon Crawl Stone Soup version 0.28-a0-1182-g381e24db82 (webtiles) character file.

Game seed: 6394273265523154531

4391 jtrev the Basher (level 10, -4/56 HPs)
             Began as a Gargoyle Berserker on Dec 16, 2021.
             Was a Believer of Trog.
             Slain by a bullfrog (7 damage)
             ... on level 8 of the Dungeon.
             The game lasted 00:21:13 (8710 turns).

jtrev the Basher (Gargoyle Berserker)               Turns: 8710, Time: 00:21:13

Health: -4/56      AC: 15    Str: 24    XL:     10   Next: 35%
Magic:  10/10      EV: 11    Int:  9    God:    Trog [**....]
Gold:   194        SH:  0    Dex:  9    Spells: 9/9 levels left

rFire   + . .      SeeInvis .   g - +2 mace (drain)
rCold   + . .      Faith    .   (no shield)
rNeg    + + .      Spirit   .   s - +0 ring mail "Ciefaz" {rN+}
rPois   ∞          Reflect  .   r - +1 hat
rElec   +          Harm     .   m - +0 cloak
rCorr   +          Rampage  .   b - +0 pair of gloves
Will    .....                   (no boots)
Stlth   ..........              (no amulet)
HPRegen 0.18/turn               (no ring)
MPRegen 0.12/turn               (no ring)

@: resistant, on berserk cooldown, slowed, very slow
A: sickness immunity, AC +7, negative energy resistance 1, electricity
resistance, torment resistance 1, petrification resistance
a: Renounce Religion, Berserk, Trog's Hand


You were on level 8 of the Dungeon.
You worshipped Trog.
Trog was pleased with you.
You visited 2 branches of the dungeon, and saw 10 of its levels.

You collected 431 gold pieces.
You spent 237 gold pieces at shops.

Inventory:

Hand Weapons
 g - a +2 mace of draining (weapon)
   (You found it on level 5 of the Dungeon)
 n - a +2 flail of draining
   (You took it off an orc on level 4 of the Dungeon)
 q - a +2 whip of freezing
   (You took it off Pikel on level 5 of the Dungeon)
Armour
 b - a +0 pair of gloves (worn)
   (You found it on level 3 of the Dungeon)
 m - a +0 cloak (worn)
   (You found it on level 3 of the Dungeon)
 o - the +5 chain mail of the Vestibule of Hell {rC+ Regen+ rCorr Str-4}
   (You bought it in a shop on level 3 of the Dungeon)

   Str:       It affects your strength (-4).
   rC:        It protects you from cold.
   Regen:     It increases your rate of health regeneration.
   rCorr:     It protects you from acid and corrosion.
 r - a +1 hat (worn)
   (You found it on level 5 of the Dungeon)
 s - the +0 ring mail "Ciefaz" (worn) {rN+}
   (You found it on level 5 of the Dungeon)

   rN:        It protects you from negative energy.
Jewellery
 f - a ring of magical power
   (You found it on level 2 of the Dungeon)
Wands
 v - a wand of digging (5)
   (You took it off Pikel on level 5 of the Dungeon)
 w - a wand of mindburst (20)
   (You found it on level 6 of the Dungeon)
Scrolls
 c - 9 scrolls of identify {unknown}
 e - 2 scrolls of teleportation {unknown}
 h - 2 scrolls of enchant armour {unknown}
 j - 3 scrolls of silence {unknown}
 k - 3 scrolls of noise {unknown}
 t - 2 scrolls of holy word {unknown}
 y - a scroll of enchant weapon {unknown}
 z - a scroll of amnesia {unknown}
Potions
 a - a potion of degeneration {unknown}
 d - a potion of mutation {unknown}
 i - 2 potions of heal wounds {unknown}
 l - 3 potions of brilliance {unknown}
 p - a potion of attraction {unknown}
 u - a potion of lignification {unknown}
 x - 2 potions of berserk rage {unknown}
 A - 2 potions of resistance


   Skills:
 - Level 3.2 Fighting
 + Level 14.8 Maces & Flails
 - Level 2.1 Armour
 - Level 1.5 Dodging


You had 9 spell levels left.
You didn't know any spells.
Your spell library was empty.

Dungeon Overview and Level Annotations

Branches:
Dungeon (9/15)             Temple (1/1) D:5
   Lair: D:8-11         Orc: D:9-12

Altars:
Ashenzari
Cheibriados
Dithmenos
Elyvilon
Fedhas
Gozag
Hepliaklqana
Kikubaaqudgha
Makhleb
Nemelex Xobeh
Okawaru
Qazlal
Ru
Sif Muna
Trog
Uskayaw
Vehumet
Wu Jian
Xom
Yredelemnul
Zin
The Shining One

Shops:
D:3 (*(*   D:9 *

Annotations:
D:8 3 runed translucent doors, Maurice


Innate Abilities, Weirdness & Mutations

You are immune to sickness and miasma.
Your stone body is resilient. (AC +7)
You are immune to poison.
You resist negative energy. (rN+)
You are resistant to electric shocks. (rElec)
You are resistant to unholy torment.
You are immune to petrification.


Message History

The bullfrog barely misses you. The hornet stings you.
The bullfrog barely misses you.
The gnoll sergeant hits you but does no damage.
Maurice hits you but does no damage. The hornet barely misses you.
The bullfrog hits you but does no damage.
Something hits you but does no damage.
Deactivating autopickup; reactivate with Ctrl-A.
The hornet stings you but does no damage.
Something hits you.
* * * LOW HITPOINT WARNING * * *
Something hits you but does no damage.
Maurice mumbles some strange words.
Maurice blinks!
The bullfrog hits you but does no damage.
Something hits you.
* * * LOW HITPOINT WARNING * * *
The centaur shoots an arrow.
The bullfrog swells and bulges.
The bullfrog completely misses you.
The gnoll sergeant hits you but does no damage.
A harpy appears out of thin air!
Reactivating autopickup.
The hornet barely misses you.
The hornet stings you but does no damage.
The bullfrog barely misses you.
Unknown command.
The hornet barely misses you. The hornet misses you.
The hornet stings you but does no damage.
The harpy claws you!
* * * LOW HITPOINT WARNING * * *
The harpy claws you but does no damage. The hornet stings you.
* * * LOW HITPOINT WARNING * * *
Unknown command.
The harpy screeches!
The harpy completely misses you. The harpy closely misses you.
The hornet closely misses you. The harpy barely misses you.
The harpy claws you but does no damage. The bullfrog closely misses you.
It was a potion of resistance.
You feel protected.
The harpy screeches!
The harpy barely misses you. The harpy closely misses you. The harpy claws you!
* * * LOW HITPOINT WARNING * * *
The harpy claws you.
* * * LOW HITPOINT WARNING * * *
The centaur shoots an arrow.
The arrow misses you.
The hornet stings you but does no damage.
The bullfrog hits you!
You die...

....>......#@........
..#######.....o.'#### .##
#.#.##..D.#≈≈≈≈ ##### ..#
.W#..#g.### ... #..#.# ###
..+..#D##.# .. .....#.. ##
...+.......# . ###........ .##
...+.....oc######+........# ..#
...#......y.H........###.# ..#
.#.#......F@...))...##..####
#########.................#....#.
...#...............#...>.........
...##....#............#.....)....
.........##...........#......>...
.........##.........#........##..
...............##..####.####..###
................######..#.##...#
......#...........#.##.......###


You could see a harpy, a hornet, a steam dragon, a gnoll sergeant, a bullfrog, a
centaur and an orc.

Vanquished Creatures
  Erica (D:8)
  Pikel (D:5)
  Maggie (D:8)
  Grinder (D:5)
  A wyvern (D:9)
  3 steam dragons
  A water moccasin (D:8)
  An ice beast (D:8)
  2 ogres
  A black bear (D:6)
  2 necrophages
  A centaur (D:9)
  3 lemures
  A phantom (D:6)
  2 bullfrogs
  3 scorpions
  A water moccasin skeleton (D:4)
  6 killer bees (D:9)
  5 wights (D:6)
  4 howler monkeys (D:8)
  4 jellies
  A bullfrog skeleton (D:5)
  An orc priest (D:3)
  2 hounds (D:5)
  Crazy Yiuf (D:5)
  A centaur skeleton (D:4)
  Terence (D:2)
  2 iguanas
  3 orc wizards
  A howler monkey zombie (D:9)
  4 gnolls
  3 adders
  A howler monkey skeleton (D:6)
  A shadow imp (D:6)
  A white imp (D:6)
  An ufetubus (D:4)
  A dart slug (D:2)
  9 orcs
  5 endoplasms
  3 giant cockroaches
  3 goblins (D:3)
  7 hobgoblins
  10 jackals
  3 kobolds
  3 quokkas
  5 ball pythons
  A bat (D:1)
  A frilled lizard (D:2)
  6 rats
126 creatures vanquished.

Notes
Turn   | Place    | Note
-------+----------+-------------------------------------------
     0 | D:1      | jtrev the Gargoyle Berserker began the quest for the Orb.
     0 | D:1      | Reached XP level 1. HP: 14/14 MP: 1/1
   228 | D:1      | Reached XP level 2. HP: 19/19 MP: 2/2
   508 | D:1      | Reached skill level 4 in Maces & Flails
   725 | D:2      | Noticed Terence
   733 | D:2      | Killed Terence
   734 | D:2      | Reached XP level 3. HP: 19/23 MP: 3/3
   797 | D:2      | Found a glowing golden altar of the Shining One.
   869 | D:2      | Reached XP level 4. HP: 24/28 MP: 4/4
  1311 | D:2      | Found a faded altar of an unknown god.
  1675 | D:3      | Reached skill level 5 in Maces & Flails
  1783 | D:3      | Found Waatsod's Antique Weapon Emporium.
  2313 | D:3      | Found Xonlirom's Assorted Antiques.
  2325 | D:3      | Reached XP level 5. HP: 31/32 MP: 5/5
  2363 | D:3      | Found Leeco's General Store.
  2406 | D:3      | Found Vuefecs's Weapon Shop.
  2423 | D:3      | Found a radiant altar of Vehumet.
  2889 | D:4      | Reached ** piety under Trog
  2934 | D:4      | Reached skill level 6 in Maces & Flails
  2936 | D:4      | Reached XP level 6. HP: 16/37 MP: 6/6
  3177 | D:4      | Noticed a necrophage
  3336 | D:3      | Killed a necrophage
  3337 | D:3      | Reached skill level 7 in Maces & Flails
  3883 | D:4      | Reached XP level 7. HP: 40/41 MP: 7/7
  4134 | D:3      | Bought an encrusted chain mail for 237 gold pieces
  4134 | D:3      | Identified the +5 chain mail of the Vestibule of Hell {rC+
                  | Regen+ rCorr Str-4} (You bought it in a shop on level 3 of
                  | the Dungeon)
  4188 | D:5      | Entered Level 5 of the Dungeon
  4345 | D:5      | Noticed Pikel
  5016 | D:5      | Found a staircase to the Ecumenical Temple.
  5017 | D:5      | Noticed Grinder
  5019 | D:5      | Paralysed by Grinder for 3 turns
  5060 | D:5      | Killed Grinder
  5061 | D:5      | Reached skill level 8 in Maces & Flails
  5268 | D:5      | Killed Pikel
  5269 | D:5      | Reached skill level 10 in Maces & Flails
  5269 | D:5      | Reached XP level 8. HP: 46/46 MP: 8/8
  5431 | D:5      | Identified the +0 ring mail "Ciefaz" {rN+}
  5465 | Temple   | Entered the Ecumenical Temple
  6214 | D:5      | Found a runed translucent door.
  6215 | D:5      | Noticed Crazy Yiuf
  6570 | D:5      | Killed Crazy Yiuf
  6571 | D:5      | Reached skill level 11 in Maces & Flails
  6852 | D:6      | Reached XP level 9. HP: 48/51 MP: 9/9
  7056 | D:6      | Reached skill level 12 in Maces & Flails
  7923 | D:7      | You fall into a shaft and drop 2 floors!
  7923 | D:9      | Found Cebops's General Store.
  7983 | D:9      | Reached skill level 13 in Maces & Flails
  8111 | D:8      | Noticed Erica
  8174 | D:8      | Killed Erica
  8175 | D:8      | Reached skill level 14 in Maces & Flails
  8175 | D:8      | Reached XP level 10. HP: 38/56 MP: 10/10
  8396 | D:8      | Found a runed translucent gate.
  8672 | D:8      | Noticed Maggie
  8687 | D:8      | Noticed Maurice
  8694 | D:8      | Killed Maggie
  8698 | D:8      | Found a runed translucent gate.
  8705 | D:8      | Found a runed translucent gate.
  8705 | D:8      | Noticed a harpy
  8710 | D:8      | Slain by a bullfrog

Illustrated notes

Levels and vault maps discovered:
D:1:      minmay_arrival_loop, layout_rooms, amethyst_killhole
D:2:      minmay_recursive_quarters, layout_loops_ring, basic_altar,
          shapermc_ecumenical_altar_rom_forum, uniq_terence
D:3:      layout_loops_ring, nicolae_vehumet_radiance, serial_shops, shop, shop,
          nicolae_shop_window_shopping, nicolae_shop_hallway_plus, minmay_puff
D:4:      layout_gridville, grunt_decor_junction, moated_statue,
          hangedman_decor_opposing, patterned_corridor
D:5:      layout_basic, minmay_temple_entry_junction, minmay_misc_feat_five,
          uniq_crazy_yiuf_cottage, uniq_pikel, uniq_grinder
D:6:      layout_rooms
D:7:      layout_basic, chequers_serial_rivers_micro_a,
          amcnicky_mini_rare_corridor_liquid, grunt_ministairs_14
D:8:      layout_cave_pools, david_lair_generic, gammafunk_ghost_spectres,
          chequers_serial_rivers_room_a, minmay_circle_x, uniq_erica,
          uniq_harold, uniq_grum, uniq_maggie, uniq_maurice
D:9:      layout_basic, serial_shops, shop, nicolae_diamond_shop,
          nicolae_lakefront_shop, shop, minmay_misc_feat_tiny
Temple:   grunt_wide_crystal_templ

Skill      XL: |  1  2  3  4  5  6  7  8  9 |
---------------+----------------------------+-----
Maces & Flails | 4 5 6 7 10 11 14 | 14.8
Fighting       | |  3.2
Armour         | |  2.1
Dodging        | |  1.5

Action                   |  1- 3 |  4- 6 |  7- 9 | 10-12 || total
-------------------------+-------+-------+-------+-------++-------
Melee: Mace              |    57 |   121 |   233 |    49 ||   460
       Whip              |       |       |    53 |       ||    53
Invok: Berserk           |     1 |     3 |     6 |     1 ||    11
       Trog's Hand       |       |       |     1 |       ||     1
  Use: Potion            |       |       |       |     1 ||     1
Armor: Animal skin       |    11 |    14 |       |       ||    25
       Scale mail        |       |    48 |    28 |       ||    76
       Ring mail         |       |       |    73 |    48 ||   121
Dodge: Dodged            |    48 |    86 |    99 |    54 ||   287

Table legend: (Time is in decaauts)
 A = Elapsed time spent in this place.
 B = Non-inter-level travel time spent in this place.
 C = Inter-level travel time spent in this place.
 D = Time resting spent in this place.
 E = Time spent auto-exploring this place.
 F = Levels seen in this place.
 G = Mean time per level.
                   A        B        C        D        E       F      G
               +--------+--------+--------+--------+--------+-----+--------+
         Total |   8770 |   8184 |    586 |   1990 |   4728 |  10 |  877.0 |
       Dungeon |   8700 |   8129 |    571 |   1990 |   4691 |   9 |  966.7 |
        Temple |     69 |     54 |     15 |      0 |     37 |   1 |   69.0 |
               +--------+--------+--------+--------+--------+-----+--------+

Top non-repeatable levels by time:
     D:5: 2249 daAuts
     D:3: 1454 daAuts
     D:4: 1243 daAuts
     D:6: 1204 daAuts
     D:2: 1095 daAuts
     D:1: 672 daAuts
     D:8: 552 daAuts
     D:9: 228 daAuts
  Temple: 69 daAuts
